 Dungeon Crawl Stone Soup version 0.27-a0-760-gc38aae387d (webtiles) character file.

Game seed: 15552363409770319786

6498 tilp the Thaumaturge (level 11, 0/85 HPs)
             Began as a Djinni Venom Mage on Mar 24, 2021.
             Was a Follower of Makhleb.
             Slain by a vampire mosquito (13 damage)
             ... on level 7 of the Dungeon.
             The game lasted 00:28:40 (10451 turns).

tilp the Thaumaturge (Djinni Venom Mage)           Turns: 10451, Time: 00:28:41

Health: 0/85       AC:  5    Str:  2    XL:     11   Next: 0%
Gold:   257        EV: 16    Int: 30    God:    Makhleb [*.....] SH:  0 Dex: 20

rFire    + + .     SeeInvis .   b - +2 whip (elec)
rCold    + . .     Faith    .   (no shield)
rNeg     . . .     Spirit   .   d - +0 robe
rPois    ∞         Reflect  .   (no helmet)
rElec    .         Harm     .   (no cloak)
rCorr    .         Rampage  .   v - +2 pair of gloves
Will     +....                  (boots unavailable)
Stlth    +++.......             (no amulet)
HPRegen  0.24/turn              G - ring of the Ban {+Blink rC++ Str-5 Int+4 Dex+6}
MPRegen  0.00/turn              l - +6 ring of intelligence

@: flying
A: fire resistance 2, cold vulnerability 1, float, innate caster, hp casting,
extra vitality 1
a: Renounce Religion, Evoke Blink


You were on level 7 of the Dungeon.
You worshipped Makhleb.
Makhleb was aware of your devotion.
You visited 2 branches of the dungeon, and saw 8 of its levels.
You also visited: Bailey.

You collected 460 gold pieces.
You spent 203 gold pieces at shops.

Inventory:

Hand Weapons
 a - the +5 dagger "Xeasal" {vorpal, MP+9 Int+3 Stlth+}
   (You bought it in a shop on level 4 of the Dungeon)

   It inflicts extra damage upon your enemies.
   It affects your intelligence (+3).
   It affects your magic capacity (+9).
   It makes you more stealthy.
 b - a +2 whip of electrocution (weapon)
 p - the +1 mace of Glory {flame, +Rage rElec Int+3}
   (You found it on level 4 of the Dungeon)

   It has been specially enchanted to burn those struck by it, causing extra
   injury to most foes and up to half again as much damage against particularly
   susceptible opponents.
   It affects your intelligence (+3).
   It insulates you from electricity.
   It lets you go berserk.
 s - a +2 whip of flaming
Missiles
 o - 15 poisoned darts (quivered)
 u - 9 javelins
 x - 7 curare-tipped darts
 B - a throwing net
Armour
 d - a +0 robe (worn)
 t - a scarf of shadows
 v - a +2 pair of gloves (worn)
Jewellery
 c - a ring of see invisible
 l - a +6 ring of intelligence (left hand)
 n - a +4 ring of evasion
 G - the ring of the Ban (right hand) {+Blink rC++ Str-5 Int+4 Dex+6}
   (You acquired it in a bailey)

   [ring of dexterity]

   It affects your strength (-5).
   It affects your intelligence (+4).
   It affects your dexterity (+6).
   It greatly protects you from cold.
   It lets you blink.
Wands
 r - a wand of digging (3)
Scrolls
 e - a scroll of magic mapping
 f - 2 scrolls of teleportation
 i - a scroll of silence
 j - a scroll of vulnerability {unknown}
 k - a scroll of amnesia {unknown}
 y - a scroll of fog
 D - 2 scrolls of enchant armour
 E - a scroll of enchant weapon
 F - a scroll of summoning
Potions
 g - 2 potions of heal wounds
 h - a potion of brilliance
 m - 3 potions of curing
 q - 2 potions of berserk rage {unknown}
 w - 2 potions of might {unknown}
 z - a potion of lignification
 A - a potion of invisibility {unknown}
 C - a potion of resistance {unknown}


   Skills:
 + Level 9.7 Fighting
 - Level 0.1 Short Blades
 - Level 6.0 Dodging
 - Level 4.0 Stealth
 - Level 10.0 Spellcasting


You had 2 spell levels left.
You knew the following spells:

 Your Spells              Type           Power      Damage    Failure   Level
a - Sting                 Tmut/Pois      100%       1d8       1%          1
b - Poisonous Vapours     Pois/Air       100%       N/A       1%          2
c - Mephitic Cloud        Conj/Pois/Air  66%        N/A       1%          3
d - Ignite Poison         Fire/Tmut/Pois 66%        N/A       1%          3
e - Olgreb's Toxic Radia  Pois           66%        N/A       1%          4
f - Beastly Appendage     Tmut           100%       N/A       1%          1
g - Call Imp              Summ           66%        N/A       1%          2
h - Confusing Touch       Hex            66%        N/A       1%          3
i - Manifold Assault      Tloc           66%        N/A       1%          4
j - Lee's Rapid Deconstr  Erth           33%        3d18*     1%          5
Your spell library was empty.

Dungeon Overview and Level Annotations

Branches:
Dungeon (7/15)             Temple (1/1) D:7          Bailey (visited)

Altars:
Cheibriados
Fedhas
Gozag
Hepliaklqana
Kikubaaqudgha
Makhleb
Nemelex Xobeh
Okawaru
Qazlal
Ru
Sif Muna
Trog
Uskayaw
Wu Jian
Xom
Yredelemnul
Zin
The Shining One

Shops:
D:4 (


Innate Abilities, Weirdness & Mutations

You are immune to poison.
Your flesh is very heat resistant. (rF++)
You are vulnerable to cold. (rC-)
You float through the air rather than walking.
You learn spells naturally, not from books.
Your magical power is your life essence.
You have superior vitality. (+4 HP)


Message History

You feel much better.
The vampire mosquito completely misses you.
The vampire mosquito closely misses you. x2
Unknown command.
Unknown command.
You barely miss the vampire mosquito.
The vampire mosquito is almost destroyed.
The vampire mosquito closely misses you.
The vampire mosquito misses you.
The vampire mosquito closely misses you. x2
The vampire mosquito bites you.
Unknown command.
Casting: Manifold Assault (mildly dangerous; 1% risk of failure)
Confirm with . or Enter, or press ? or * to list all spells.
Okay, then.
Unknown command.
Casting: Manifold Assault (mildly dangerous; 1% risk of failure)
Confirm with . or Enter, or press ? or * to list all spells.
Aiming: Mephitic Cloud (safe; 1% risk of failure)
Press: ? - help, Shift-Dir - straight line The ball explodes into a vile cloud!
The stinking cloud engulfs the vampire mosquito but does no damage.
The vampire mosquito is almost destroyed.
The stinking cloud engulfs you but does no damage.
The stinking cloud engulfs the vampire mosquito but does no damage.
The vampire mosquito bites you. The vampire mosquito misses you. x2
Unknown command.
The vampire mosquito barely misses you. The vampire mosquito bites you! x2
The vampire mosquito bites you.
The centaur shoots an arrow.
The arrow hits you!
* * * LOW HITPOINT WARNING * * *
The vampire mosquito bites you.
* * * LOW HITPOINT WARNING * * *
The vampire mosquito bites you!
* * * LOW HITPOINT WARNING * * *
The orc hits you but does no damage.
The centaur shoots an arrow.
The arrow hits you.
* * * LOW HITPOINT WARNING * * *
The vampire mosquito bites you!
You die...

.⌠...⌠..#.............#.,**
.....(...†.)............,,*
........#...............,,**
.##.##.##)..............,,,*
............≈≈≈≈c≈≈≈≈...,,**
............≈≈≈≈≈≈≈≈≈...,**
............≈##)'o##≈..>,*
......#.....≈#§y§).#≈,,,******
........#...≈#☼y@.>#≈,,,,,,,,**
........##..≈#######≈,,,,,,,,,*
............≈≈≈≈≈≈≈≈≈,,,,,,,***
..<$......#....,,,,,,,**,,***
................,*,,,******
.......,,,,,,,,,,,,,****
.....,,,,,,,,,,,,,,,,,,**
..,,,,**,,,,,,,**,,,,,,,*
,,,,,,,,,,,,**,,**,,,,****


You could see 2 vampire mosquitoes, a centaur and an orc.

Vanquished Creatures
  5 orc knights (Bailey)
  Pikel (D:4)
  2 kobold demonologists (D:5)
  A wyvern (D:4)
  Menkaure (D:6)
  A steam dragon (D:6)
  2 vampire mosquitoes (D:7)
  A water moccasin (D:6)
  11 orc warriors
  2 sky beasts (D:5)
  An ice beast (D:5)
  A necrophage (D:5)
  A black bear (D:6)
  2 ogres
  A bullfrog (D:6)
  2 kobold brigands
  A water moccasin skeleton (D:6)
  A bullfrog zombie (D:6)
  2 orc priests (D:6)
  A hound (D:6)
  A jelly (D:5)
  A gnoll shaman (D:6)
  5 iguanas
  2 orc wizards (D:5)
  2 worker ants
  A worker ant zombie (D:5)
  11 gnolls
  4 adders
  A white imp (D:7)
  2 adder skeletons (D:4)
  A dart slug (D:4)
  35 orcs
  3 ball pythons
  4 bats
  8 endoplasms
  3 giant cockroaches
  5 goblins
  9 hobgoblins
  13 jackals
  17 kobolds
  5 quokkas
  4 frilled lizards
  5 rats
182 creatures vanquished.

Notes
Turn   | Place    | Note
-------+----------+-------------------------------------------
     0 | D:1      | tilp the Djinni Venom Mage began the quest for the Orb.
     0 | D:1      | Reached XP level 1. HP: 15/15 MP: 0/0
   180 | D:1      | Reached skill level 3 in Spellcasting
   232 | D:1      | Reached XP level 2. HP: 19/21 MP: 0/0
  1401 | D:1      | Reached XP level 3. HP: 23/25 MP: 0/0
  1401 | D:1      | Learned a level 1 spell: Beastly Appendage
  2881 | D:3      | Reached skill level 4 in Spellcasting
  3261 | D:3      | Reached XP level 4. HP: 28/31 MP: 0/0
  3265 | D:3      | Reached skill level 1 in Fighting
  3709 | D:3      | Found a faded altar of an unknown god.
  4122 | D:4      | Reached XP level 5. HP: 23/38 MP: 0/0
  4122 | D:4      | Learned a level 2 spell: Call Imp
  4659 | D:4      | Noticed a wyvern
  4662 | D:4      | Killed a wyvern
  4663 | D:4      | Reached XP level 6. HP: 38/46 MP: 0/0
  5168 | D:4      | Found Kischeo's Antique Weapon Emporium.
  5175 | D:4      | Identified the +1 mace of Glory {flame, +Rage rElec Int+3}
  5185 | D:4      | Found a hazy altar of Hepliaklqana.
  5186 | D:4      | Found a snail-covered altar of Cheibriados.
  5186 | D:4      | Found an ornate altar of the Wu Jian Council.
  5272 | D:4      | Found an iron altar of Okawaru.
  5272 | D:4      | Found a sparkling altar of Nemelex Xobeh.
  5273 | D:4      | Found a shimmering altar of Xom.
  5442 | D:4      | Noticed Pikel
  5446 | D:4      | Killed Pikel
  5447 | D:4      | Reached skill level 5 in Spellcasting
  5447 | D:4      | Reached XP level 7. HP: 40/52 MP: 0/0
  5447 | D:4      | Learned a level 3 spell: Confusing Touch
  5573 | D:4      | Found a glowing silver altar of Zin.
  5761 | D:5      | Entered Level 5 of the Dungeon
  5886 | D:5      | Reached XP level 8. HP: 46/58 MP: 0/0
  5906 | D:5      | Noticed a kobold demonologist
  5910 | D:5      | Killed a kobold demonologist
  5910 | D:5      | Noticed a kobold demonologist
  5911 | D:5      | Reached skill level 6 in Spellcasting
  5915 | D:5      | Killed a kobold demonologist
  5916 | D:5      | Reached skill level 7 in Spellcasting
  6212 | D:4      | Bought an ancient dagger for 203 gold pieces
  6212 | D:4      | Identified the +5 dagger "Xeasal" {vorpal, MP+9 Int+3
                  | Stlth+} (You bought it in a shop on level 4 of the Dungeon)
  6334 | D:5      | Reached skill level 8 in Spellcasting
  6334 | D:5      | Reached XP level 9. HP: 40/62 MP: 0/0
  6334 | D:5      | Learned a level 4 spell: Manifold Assault
  6559 | D:5      | Found a hide-covered altar of Uskayaw.
  7132 | D:5      | Reached skill level 5 in Dodging
  7143 | D:6      | Reached skill level 5 in Fighting
  7228 | D:6      | Noticed Menkaure
  7231 | D:6      | Killed Menkaure
  7435 | D:6      | Found a glowing golden altar of the Shining One.
  8608 | D:7      | Reached skill level 9 in Spellcasting
  8617 | D:7      | Found a staircase to the Ecumenical Temple.
  8626 | Temple   | Entered the Ecumenical Temple
  8663 | Temple   | Became a worshipper of Makhleb the Destroyer
  8709 | D:7      | Reached XP level 10. HP: 41/72 MP: 0/0
  8718 | D:7      | HP: 2/72 [vampire mosquito (4)]
  8726 | D:7      | Found a flagged portal.
  8731 | Bailey   | Entered a bailey
  9322 | Bailey   | Reached skill level 10 in Spellcasting
  9621 | Bailey   | Noticed an orc knight
  9624 | Bailey   | Reached * piety under Makhleb
  9630 | Bailey   | Killed an orc knight
  9937 | Bailey   | Noticed an orc knight
  9937 | Bailey   | Noticed an orc knight
  9944 | Bailey   | Killed an orc knight
  9945 | Bailey   | Killed an orc knight
  9951 | Bailey   | Noticed an orc knight
  9956 | Bailey   | Noticed an orc knight
  9958 | Bailey   | Killed an orc knight
  9966 | Bailey   | Killed an orc knight
  9967 | Bailey   | Reached XP level 11. HP: 31/85 MP: 0/0
  9967 | Bailey   | Learned a level 5 spell: Lee's Rapid Deconstruction
 10327 | Bailey   | Identified 2 scrolls of acquirement
 10434 | Bailey   | Acquired a scarf of shadows
 10435 | Bailey   | Acquired the ring of the Ban {+Blink rC++ Str-5 Int+4
                  | Dex+6}
 10451 | D:7      | Slain by a vampire mosquito

Illustrated notes

Levels and vault maps discovered:
D:1:      zaba_arrival_water, layout_loops_ring
D:2:      layout_rooms, minmay_misc_feat_secret_circle, minmay_misc_feat_alley
D:3:      layout_loops_ring, chequers_ecumenical_altar_island
D:4:      layout_rooms, marbit_many_paths, grunt_temple_overflow_open,
          serial_shops, nicolae_shop_behind_doors, uniq_pikel
D:5:      layout_gridville, basic_altar
D:6:      layout_rooms, general_overflow_altar, uniq_menkaure
D:7:      layout_cave_pools, minmay_temple_entry_large_hall, enter_bailey_4,
          uniq_joseph
Temple:   cyrus_temple_forest

Skill      XL: |  1  2  3  4  5  6  7  8  9 10 |
---------------+-------------------------------+-----
Spellcasting   | 3 4 5 8 9 10 | 10.0
Fighting       | 2 3 4 6 9 |  9.7
Stealth        | 2 3 4 |  4.0
Dodging        | 3 4 6 |  6.0
Short Blades   | |  0.1

Action                   |  1- 3 |  4- 6 |  7- 9 | 10-12 || total
-------------------------+-------+-------+-------+-------++-------
Melee: Unarmed           |     2 |       |       |       ||     2
       Short sword       |     3 |    15 |       |       ||    18
       Whip              |       |     4 |    50 |    11 ||    65
 Cast: Sting             |    33 |    12 |     1 |       ||    46
       Poisonous Vapours |    41 |    40 |    55 |     4 ||   140
       Ignite Poison     |       |     8 |    26 |     9 ||    43
       Mephitic Cloud    |       |     4 |    12 |     7 ||    23
       Olgreb's Toxic Ra |       |     3 |     7 |     7 ||    17
       Beastly Appendage |       |     1 |     8 |       ||     9
       Manifold Assault  |       |       |     1 |     4 ||     5
       Call Imp          |       |       |     1 |       ||     1
  Use: Scroll            |     1 |       |    10 |     7 ||    18
       Potion            |       |       |       |     6 ||     6
 Stab: Sleeping          |     1 |     1 |     1 |       ||     3
Armor: Robe              |     5 |     8 |     6 |     5 ||    24
Dodge: Dodged            |    12 |    16 |    52 |    40 ||   120

Table legend: (Time is in decaauts)
 A = Elapsed time spent in this place.
 B = Non-inter-level travel time spent in this place.
 C = Inter-level travel time spent in this place.
 D = Time resting spent in this place.
 E = Time spent auto-exploring this place.
 F = Levels seen in this place.
 G = Mean time per level.
                   A        B        C        D        E       F      G
               +--------+--------+--------+--------+--------+-----+--------+
         Total |  10437 |  10097 |    340 |   3924 |   5265 |   9 | 1159.7 |
       Dungeon |   8670 |   8364 |    306 |   2455 |   5150 |   7 | 1238.6 |
        Temple |     72 |     38 |     34 |      0 |      0 |   1 |   72.0 |
        Bailey |   1693 |   1693 |      0 |   1469 |    115 |   1 | 1693.0 |
               +--------+--------+--------+--------+--------+-----+--------+

Top non-repeatable levels by time:
  Bailey: 1693 daAuts
     D:5: 1655 daAuts
     D:1: 1628 daAuts
     D:3: 1608 daAuts
     D:4: 1526 daAuts
     D:6: 1121 daAuts
     D:2: 1068 daAuts
  Temple: 72 daAuts
     D:7: 62 daAuts
